 Dungeon Crawl Stone Soup version 0.23.2-33-g5129a83184 (webtiles) character file.

Game seed: 15658108426038110097

97 psyvane the Bolt Thrower (level 5, 0/29 HPs)
             Began as a Kobold Arcane Marksman on July 6, 2019.
             Succumbed to an adder's poison
             ... on level 3 of the Dungeon.
             The game lasted 00:12:32 (2423 turns).

psyvane the Bolt Thrower (Kobold Arcane Marksman)   Turns: 2423, Time: 00:12:33

Health: 0/29       AC:  2    Str:  7    XL:     5   Next: 0%
Magic:  3/6        EV: 15    Int: 14    God:
Gold:   77         SH:  0    Dex: 17    Spells: 1/6 levels left

rFire    . . .     SeeInvis .   (weapon restricted)
rCold    . . .     Gourm    .   (shield restricted)
rNeg     . . .     Faith    .   e - +0 robe
rPois    .         Spirit   .   (no helmet)
rElec    .         Reflect  .   (no cloak)
rCorr    .         Harm     .   (no gloves)
MR       .....                  (no boots)
Stlth    ++........             (no amulet)
HPRegen  0.09/turn              (no ring)
MPRegen  0.10/turn              (no ring)

@: lethally poisoned (0 -> -8)
A: small, carnivore
a: no special abilities


You were on level 3 of the Dungeon.
You were not hungry.

You visited 1 branch of the dungeon, and saw 3 of its levels.

You collected 77 gold pieces.

Inventory:

Hand Weapons
 a - a +0 hand crossbow
Armour
 e - a +0 robe (worn)
 g - a +0 shield
Scrolls
 c - 2 scrolls of teleportation {unknown}
 h - a scroll of amnesia {unknown}
 i - a scroll of magic mapping {unknown}
 k - a scroll of identify {unknown}
 l - a scroll of noise {unknown}
 m - a scroll of remove curse {unknown}
Potions
 b - a potion of curing {unknown}
 j - a potion of might {unknown}
Comestibles
 f - 5 rations


   Skills:
 - Level 1.1 Fighting
 - Level 4.8 Crossbows
 - Level 2.4 Dodging
 - Level 1.1 Spellcasting
 * Level 3.9 Hexes


You had one spell level left.
You knew the following spells:

 Your Spells              Type           Power        Failure   Level  Hunger
a - Corona                Hex            ##.....      5%          1    ##.....
b - Cause Fear            Hex            ##........   45%         4    #####..

Your spell library contained the following spells:

 Spells                   Type           Power        Failure   Level  Hunger
 Slow                     Hex            ##......     8%          2    ###....
 Inner Flame              Hex/Fire       #.......     34%         3    ####...
 Portal Projectile        Hex/Tloc       #.....       34%         3    ####...
 Leda's Liquefaction      Hex/Erth       #.........   75%         4    #####..


Dungeon Overview and Level Annotations

Branches:
Dungeon (3/15)

Altars:
Ashenzari


Innate Abilities, Weirdness & Mutations

You are small and have problems with some larger weapons.
You are carnivorous and can eat meat at any time.


Message History

The adder is lightly wounded.
You feel sick. The adder barely misses you.
The adder bites you but does no damage.
You hit the adder.
The adder is moderately wounded.
You feel sick. The adder bites you.
* * * LOW HITPOINT WARNING * * *
You are more poisoned.
The adder poisons you!
You closely miss the adder.
The adder is moderately wounded.
The adder bites you.
* * * LOW HITPOINT WARNING * * *
You hit the adder.
The adder is moderately wounded.
* * * LOW HITPOINT WARNING * * *
You feel sick. The adder misses you. The adder closely misses you.
You hit the adder but do no damage.
The adder is moderately wounded.
You die...

##### #S..######
#.@......#
###...####.#
#.....# #
#..[..# #.....#
#.....#
.$.(...[.......
##..............
#...........#..


You could see an adder.

Vanquished Creatures
  4 adders (D:2)
  A worm (D:2)
  3 dart slugs
  A leopard gecko (D:1)
  7 bats
  4 giant cockroaches
  3 goblins
  8 hobgoblins
  3 jackals (D:3)
  A ball python (D:1)
  A frilled lizard (D:3)
  7 kobolds
  7 rats
50 creatures vanquished.

Notes
Turn   | Place    | Note
-------+----------+-------------------------------------------
     0 | D:1      | psyvane the Kobold Arcane Marksman began the quest for the
                  | Orb.
     0 | D:1      | Reached XP level 1. HP: 12/12 MP: 2/2
    27 | D:1      | Reached skill level 3 in Crossbows
    58 | D:1      | Reached XP level 2. HP: 11/16 MP: 1/3
   606 | D:1      | Reached skill level 4 in Crossbows
   606 | D:1      | Reached XP level 3. HP: 20/20 MP: 4/4
   890 | D:2      | Reached XP level 4. HP: 25/25 MP: 5/5
   896 | D:2      | Learned a level 4 spell: Cause Fear
  1552 | D:2      | Found a shattered altar of Ashenzari.
  2181 | D:3      | Reached XP level 5. HP: 9/29 MP: 6/6
  2422 | D:3      | HP: 1/29 [poisoned by an adder]
  2423 | D:3      | Succumbed to an adder's poison

Skill      XL: |  1  2 |
---------------+-------+-----
Crossbows      | 3 4 |  4.8
Fighting       | |  1.1
Dodging        | |  2.4
Spellcasting   | |  1.1
Hexes          | |  3.9

Action                   |  1- 3 |  4- 6 || total
-------------------------+-------+-------++-------
Melee: Unarmed           |       |   113 ||   113
 Fire: Hand crossbow     |    57 |    52 ||   109
 Cast: Corona            |     3 |    11 ||    14
       Cause Fear        |       |     1 ||     1
  Use: Potion            |       |     2 ||     2
  Eat: Chunk             |       |     6 ||     6
Armor: Robe              |       |    23 ||    23
Dodge: Dodged            |     8 |   111 ||   119
